General information
- name: BNet
- type: Ladder team game (AT/RT)
- host: Battle.net
- saver: Klizaodnwaiziba
map: FullScaleAssault
- players: 8
- length: 19:09
- speed: Fast
- version: 1.26 W3XP
- replay type: Public
» download(144 KB)
Players
team 1 (winner)
sobiman (
orange | 56 APM | 1074 actions | 19:08)
5 Mountain King
2 Storm Bolt
3 Bash
3 Paladin
2 Holy Light
1 Devotion Aura
» actions
| Assign group hotkey | 25 | |
| Basic commands | 157 | |
| Build / train | 68 | |
| Enter build submenu | 19 | |
| Enter hero's abilities submenu | 8 | |
| Give item / drop item | 3 | |
| Remove unit from queue | 2 | |
| Right click | 161 | |
| Select / deselect | 235 | |
| Select group hotkey | 338 | |
| Use ability | 58 | |
1074 total
» units
| Peasant | 14 | |
| Footman | 6 | |
| Siege Engine | 18 | |
| Mortar Team | 1 | |
39 total
» upgrades
| Lumber Harvesting | 2 | |
| Gunpowder | 2 | |
| Plating | 3 | |
| Defend | 1 | |
| Masonry | 3 | |
| Barrage | 1 | |
| Fragmentation Shards | 1 | |
13 total
» buildings
| Altar of Kings | 1 | |
| Farm | 12 | |
| Barracks | 1 | |
| Keep | 1 | |
| Lumber Mill | 1 | |
| Blacksmith | 1 | |
| Arcane Vault | 1 | |
| Workshop | 3 | |
| Castle | 1 | |
| Town Hall | 1 | |
23 total
» build order
00:09 Altar of Kings
00:11 Farm
00:20 Barracks
00:41 Farm
00:54 Farm
01:29 Farm
02:31 Keep
03:00 Farm
03:30 Lumber Mill
03:54 Blacksmith
04:00 Arcane Vault
04:39 Farm
05:24 Workshop
05:30 Workshop
06:01 Castle
07:13 Farm
07:14 Farm
07:15 Farm
08:15 Town Hall
08:49 Farm
08:50 Farm
09:40 Workshop
11:34 Farm
» items
5o1.RAZORBACKS (
yellow | 45 APM | 863 actions | 19:08)
5 Death Knight
3 Death Coil
2 Unholy Aura
3 Lich
2 Frost Nova
1 Frost Armor
» actions
| Assign group hotkey | 4 | |
| Basic commands | 60 | |
| Build / train | 81 | |
| Enter build submenu | 20 | |
| Enter hero's abilities submenu | 8 | |
| Give item / drop item | 3 | |
| Remove unit from queue | 2 | |
| Right click | 380 | |
| Select / deselect | 208 | |
| Select group hotkey | 37 | |
| Use ability | 60 | |
863 total
» units
| Acolyte | 9 | |
| Ghoul | 4 | |
| Crypt Fiend | 9 | |
| Frost Wyrm | 7 | |
29 total
» upgrades
| Web | 1 | |
| Creature Attack | 2 | |
| Creature Carapace | 2 | |
| Freezing Breath | 1 | |
6 total
» buildings
| Graveyard | 2 | |
| Crypt | 1 | |
| Altar of Darkness | 1 | |
| Ziggurat | 9 | |
| Tomb of Relics | 1 | |
| Halls of the Dead | 4 | |
| Black Citadel | 3 | |
| Sacrificial Pit | 1 | |
| Boneyard | 2 | |
24 total
» build order
00:36 Graveyard
00:42 Crypt
00:46 Altar of Darkness
01:00 Ziggurat
01:13 Tomb of Relics
01:30 Ziggurat
04:12 Halls of the Dead
04:12 Halls of the Dead
04:12 Halls of the Dead
04:12 Halls of the Dead
04:39 Ziggurat
05:49 Ziggurat
05:50 Ziggurat
06:36 Black Citadel
06:36 Black Citadel
07:37 Sacrificial Pit
07:42 Ziggurat
07:45 Ziggurat
08:46 Ziggurat
08:49 Ziggurat
09:35 Boneyard
09:40 Boneyard
14:29 Graveyard
» items
| Rod of Necromancy | 1 | |
| Scroll of Town Portal | 1 | |
| Potion of Healing | 1 | |
| Scroll of Healing | 1 | |
| Orb of Corruption | 1 | |
5 total
LessQQMorePew (
red | 70 APM | 1346 actions | 19:08)
5 Death Knight
3 Death Coil
2 Unholy Aura
3 Lich
2 Frost Nova
1 Frost Armor
2 Dreadlord
1 Vampiric Aura
1 Carrion Swarm
» actions
| Assign group hotkey | 22 | |
| Build / train | 81 | |
| Enter build submenu | 22 | |
| Enter hero's abilities submenu | 10 | |
| Give item / drop item | 2 | |
| Remove unit from queue | 1 | |
| Right click | 586 | |
| Select / deselect | 241 | |
| Select group hotkey | 303 | |
| Use ability | 78 | |
1346 total
» units
| Acolyte | 8 | |
| Ghoul | 4 | |
| Crypt Fiend | 16 | |
| Frost Wyrm | 3 | |
31 total
» upgrades
| Creature Attack | 3 | |
| Creature Carapace | 4 | |
| Web | 1 | |
| Burrow | 1 | |
| Freezing Breath | 1 | |
10 total
» buildings
| Ziggurat | 9 | |
| Crypt | 2 | |
| Graveyard | 1 | |
| Altar of Darkness | 1 | |
| Tomb of Relics | 1 | |
| Halls of the Dead | 4 | |
| Black Citadel | 1 | |
| Sacrificial Pit | 1 | |
| Boneyard | 2 | |
22 total
» build order
00:13 Ziggurat
00:15 Crypt
00:42 Graveyard
01:06 Altar of Darkness
01:37 Tomb of Relics
02:00 Ziggurat
05:05 Ziggurat
05:53 Ziggurat
06:45 Halls of the Dead
06:45 Halls of the Dead
07:37 Crypt
08:36 Ziggurat
08:41 Ziggurat
08:44 Ziggurat
09:26 Black Citadel
10:25 Sacrificial Pit
13:50 Boneyard
14:22 Boneyard
14:29 Ziggurat
14:38 Ziggurat
» items
| Rod of Necromancy | 4 | |
| Boots of Speed | 1 | |
| Periapt of Vitality | 2 | |
| Potion of Healing | 1 | |
| Potion of Mana | 1 | |
9 total

»
Klizaodnwaiziba (
pink | 81 APM | 1560 actions | 19:09)
6 Archmage
3 Blizzard
2 Brilliance Aura
1 Mass Teleport
» actions
| Assign group hotkey | 19 | |
| Basic commands | 42 | |
| Build / train | 97 | |
| ESC pressed | 3 | |
| Enter build submenu | 45 | |
| Enter hero's abilities submenu | 6 | |
| Give item / drop item | 2 | |
| Remove unit from queue | 1 | |
| Right click | 563 | |
| Select / deselect | 339 | |
| Select group hotkey | 374 | |
| Use ability | 69 | |
1560 total
» units
| Peasant | 14 | |
| Footman | 4 | |
| Rifleman | 17 | |
| Goblin Shredder | 1 | |
| Makrura Deepseer | 1 | |
37 total
» upgrades
| Gunpowder | 3 | |
| Armor | 3 | |
| Masonry | 3 | |
| Long Rifles | 1 | |
| Animal War Training | 1 | |
| Swords | 1 | |
| Plating | 1 | |
13 total
» buildings
| Altar of Kings | 1 | |
| Farm | 10 | |
| Barracks | 2 | |
| Blacksmith | 1 | |
| Scout Tower | 21 | |
| Arcane Tower | 1 | |
| Arcane Vault | 2 | |
| Keep | 2 | |
| Lumber Mill | 1 | |
| Town Hall | 1 | |
| Guard Tower | 17 | |
| Castle | 2 | |
| Arcane Sanctum | 1 | |
62 total
» build order
00:04 Altar of Kings
00:10 Farm
00:23 Barracks
01:19 Farm
01:42 Blacksmith
01:57 Farm
02:32 Scout Tower
03:04 Arcane Tower
03:57 Arcane Vault
04:28 Keep
04:28 Keep
04:36 Farm
06:00 Farm
06:38 Scout Tower
06:39 Scout Tower
06:52 Lumber Mill
07:47 Town Hall
08:04 Guard Tower
08:30 Guard Tower
08:50 Farm
09:53 Scout Tower
10:38 Guard Tower
10:38 Guard Tower
10:52 Castle
10:58 Farm
11:09 Scout Tower
11:11 Scout Tower
11:12 Scout Tower
11:19 Scout Tower
11:20 Scout Tower
11:21 Scout Tower
11:53 Guard Tower
11:55 Guard Tower
11:55 Guard Tower
12:04 Guard Tower
12:21 Guard Tower
13:19 Barracks
14:03 Scout Tower
14:04 Scout Tower
14:05 Scout Tower
14:26 Scout Tower
14:28 Scout Tower
14:29 Scout Tower
14:48 Guard Tower
14:48 Guard Tower
15:12 Guard Tower
16:26 Scout Tower
16:27 Scout Tower
16:52 Arcane Vault
17:06 Farm
17:20 Guard Tower
17:20 Guard Tower
17:25 Arcane Sanctum
17:31 Scout Tower
17:32 Scout Tower
17:57 Scout Tower
18:04 Guard Tower
18:06 Guard Tower
18:39 Guard Tower
18:49 Farm
18:59 Farm
» items
| Boots of Speed | 1 | |
| Scroll of Regeneration | 8 | |
| Scroll of Town Portal | 1 | |
10 total
team 2 (loser)

»
MulletInAction (
blue | 43 APM | 830 actions | 19:07)
4 Death Knight
2 Death Coil
2 Unholy Aura
» actions
| Assign group hotkey | 145 | |
| Basic commands | 8 | |
| Build / train | 47 | |
| Enter build submenu | 20 | |
| Enter hero's abilities submenu | 4 | |
| Right click | 323 | |
| Select / deselect | 181 | |
| Select group hotkey | 71 | |
| Use ability | 31 | |
830 total
» units
| Acolyte | 8 | |
| Ghoul | 5 | |
| Crypt Fiend | 10 | |
| Frost Wyrm | 5 | |
28 total
» upgrades
| Creature Attack | 3 | |
| Creature Carapace | 3 | |
| Freezing Breath | 1 | |
| Web | 1 | |
8 total
» buildings
| Altar of Darkness | 1 | |
| Ziggurat | 6 | |
| Crypt | 1 | |
| Graveyard | 1 | |
| Tomb of Relics | 1 | |
| Halls of the Dead | 1 | |
| Spirit Tower | 2 | |
| Black Citadel | 1 | |
| Sacrificial Pit | 2 | |
| Boneyard | 2 | |
18 total
» build order
00:05 Altar of Darkness
00:13 Ziggurat
00:39 Crypt
01:10 Graveyard
01:24 Ziggurat
02:01 Ziggurat
02:41 Tomb of Relics
05:29 Halls of the Dead
06:19 Ziggurat
07:09 Spirit Tower
07:17 Spirit Tower
07:19 Ziggurat
08:15 Black Citadel
08:20 Sacrificial Pit
08:24 Sacrificial Pit
11:38 Boneyard
11:44 Boneyard
13:15 Ziggurat
» items
| Rod of Necromancy | 1 | |
| Scroll of Town Portal | 1 | |
2 total
birdlol (
green | 115 APM | 1898 actions | 16:27)
6 Priestess of the Moon
2 Searing Arrows
3 Trueshot Aura
1 Starfall
» actions
| Assign group hotkey | 63 | |
| Basic commands | 35 | |
| Build / train | 56 | |
| Enter build submenu | 22 | |
| Enter hero's abilities submenu | 6 | |
| Give item / drop item | 5 | |
| Remove unit from queue | 1 | |
| Right click | 942 | |
| Select / deselect | 297 | |
| Select group hotkey | 430 | |
| Use ability | 41 | |
1898 total
» units
| Wisp | 18 | |
| Archer | 7 | |
| Druid of the Talon | 6 | |
| Chimaera | 5 | |
36 total
» upgrades
| Strength of the Moon | 1 | |
| Strength of the Wild | 2 | |
| Improved Bows | 1 | |
| Reinforced Hides | 1 | |
| Druid of the Talon Training | 2 | |
| Corrosive Breath | 1 | |
8 total
» buildings
| Altar of Elders | 1 | |
| Moon Well | 7 | |
| Ancient of War | 1 | |
| Tree of Ages | 1 | |
| Hunter's Hall | 1 | |
| Tree of Eternity | 1 | |
| Tree of Life | 2 | |
| Ancient of Wind | 2 | |
| Chimaera Roost | 3 | |
| Ancient of Wonders | 1 | |
20 total
» build order
00:10 Altar of Elders
00:17 Moon Well
00:31 Ancient of War
01:37 Moon Well
02:59 Tree of Ages
03:12 Hunter's Hall
03:50 Moon Well
05:59 Tree of Eternity
06:19 Tree of Life
06:38 Ancient of Wind
06:39 Ancient of Wind
07:07 Moon Well
08:49 Chimaera Roost
08:58 Chimaera Roost
09:39 Moon Well
10:04 Chimaera Roost
10:13 Moon Well
10:20 Moon Well
13:25 Tree of Life
14:56 Ancient of Wonders
» items
| Scroll of Healing | 1 | |
| Scroll of Protection | 1 | |
| Boots of Speed | 1 | |
3 total
Diablo3Feb1 (
purple | 51 APM | 909 actions | 17:48)
5 Mountain King
3 Storm Bolt
2 Bash
» actions
| Assign group hotkey | 30 | |
| Basic commands | 23 | |
| Build / train | 60 | |
| Enter build submenu | 18 | |
| Enter hero's abilities submenu | 5 | |
| Give item / drop item | 5 | |
| Remove unit from queue | 1 | |
| Right click | 285 | |
| Select / deselect | 218 | |
| Select group hotkey | 228 | |
| Use ability | 36 | |
909 total
» units
| Peasant | 11 | |
| Rifleman | 14 | |
| Flying Machine | 6 | |
| Siege Engine | 8 | |
39 total
» upgrades
| Masonry | 1 | |
| Gunpowder | 3 | |
| Long Rifles | 1 | |
| Lumber Harvesting | 1 | |
| Barrage | 1 | |
7 total
» buildings
| Lumber Mill | 1 | |
| Barracks | 1 | |
| Altar of Kings | 1 | |
| Farm | 8 | |
| Blacksmith | 1 | |
| Keep | 1 | |
| Arcane Vault | 1 | |
| Workshop | 2 | |
| Town Hall | 2 | |
| Castle | 1 | |
19 total
» build order
00:26 Lumber Mill
00:35 Barracks
00:46 Altar of Kings
01:07 Farm
01:52 Blacksmith
01:59 Farm
02:50 Farm
03:21 Keep
03:39 Farm
04:33 Arcane Vault
06:06 Workshop
06:12 Farm
06:50 Town Hall
06:54 Farm
07:04 Workshop
08:12 Farm
08:52 Farm
09:43 Castle
10:19 Town Hall
» items
| Scroll of Town Portal | 2 | |
| Orb of Fire | 1 | |
| Potion of Healing | 2 | |
5 total
GOVERNAL (
teal | 29 APM | 561 actions | 19:03)
5 Blood Mage
3 Flame Strike
2 Siphon Mana
» actions
| Basic commands | 3 | |
| Build / train | 58 | |
| Enter build submenu | 17 | |
| Enter hero's abilities submenu | 6 | |
| Right click | 216 | |
| Select / deselect | 218 | |
| Use ability | 43 | |
561 total
» units
| Peasant | 6 | |
| Footman | 4 | |
| Knight | 27 | |
| Chimaera | 2 | |
39 total
» upgrades
| Lumber Harvesting | 1 | |
| Plating | 2 | |
| Swords | 1 | |
4 total
» buildings
| Altar of Kings | 1 | |
| Farm | 8 | |
| Barracks | 2 | |
| Blacksmith | 1 | |
| Keep | 1 | |
| Arcane Vault | 1 | |
| Lumber Mill | 1 | |
| Scout Tower | 3 | |
| Guard Tower | 2 | |
| Arcane Tower | 1 | |
| Castle | 1 | |
22 total
» build order
00:05 Altar of Kings
00:09 Farm
01:00 Barracks
01:33 Blacksmith
02:11 Farm
03:42 Keep
03:59 Arcane Vault
04:23 Farm
04:26 Lumber Mill
04:40 Farm
05:24 Scout Tower
05:29 Scout Tower
05:36 Scout Tower
05:53 Guard Tower
06:00 Arcane Tower
06:12 Guard Tower
06:50 Castle
07:07 Farm
07:25 Barracks
08:56 Farm
09:45 Farm
11:36 Farm
» items
| Scroll of Town Portal | 1 | |
| Scroll of Regeneration | 1 | |
| Staff of Teleportation | 1 | |
| Potion of Mana | 1 | |
4 total
Chat log
(01:03 / Allies) Klizaodnwaiziba: units?
(01:27 / Allies) Klizaodnwaiziba: I'll get riflemen
(03:19 / All) Klizaodnwaiziba: sick harass
(03:32 / Allies) Klizaodnwaiziba: units?
(03:34 / All) MulletInAction: lol
(10:50 / Allies) LessQQMorePew: bacl
(11:24 / Allies) 5o1.RAZORBACKS: b
(11:27 / Allies) LessQQMorePew: lol
(12:07 / Allies) 5o1.RAZORBACKS: god dmanit you fucking idiot
(12:11 / Allies) Klizaodnwaiziba: lol
(16:25 / Allies) 5o1.RAZORBACKS: out
(16:26 / Allies) 5o1.RAZORBACKS: im out
(18:28 / All) MulletInAction: gg
(18:30 / All) Klizaodnwaiziba: gg
(19:08 / Allies) LessQQMorePew: heal my dk plz